| TOP OF THE 1ST |
|
University of North Carolina at Chapel Hill Tar Heels batting - Pitching for Stanford University Cardinal : RHP Jesus Hernandez
|
|
Pitching: RHP Jesus Hernandez
|
|
|
Batting: RHB Bill Atley
|
0-0: Called Strike 0-1: Ball 1-1: Foul Ball, location: 2F 1-2: Ball 2-2: Foul Ball, location: 2F 2-2: Ball 3-2: Strikes out swinging
|
|
Batting: SHB Ryan Marsh
|
0-0: SINGLE (Groundball, 34S, EV 63.8 MPH) (infield hit)
|
|
Batting: RHB Jeremy Rollins
|
0-0: Called Strike 0-1: Foul Ball, location: 2F 0-2: Ball 1-2: Ball 2-2: Grounds out, U3 (Groundball, 3L, EV 86.2 MPH)
|
|
Batting: RHB Michael Houseman
|
0-0: Swinging Strike 0-1: Called Strike 0-2: Foul Ball, location: 2F 0-2: Strikes out swinging
|
| Top of the 1st over - 0 runs, 1 hit, 0 errors, 1 left on base; University of North Carolina at Chapel Hill 0 - Stanford University 0 |
| BOTTOM OF THE 1ST |
|
Stanford University Cardinal batting - Pitching for University of North Carolina at Chapel Hill Tar Heels : LHP Francisco Guerra
|
|
Pitching: LHP Francisco Guerra
|
|
|
Batting: RHB John Van der Linden
|
0-0: Foul Ball, location: 2F 0-1: Swinging Strike 0-2: SOLO HOME RUN (Line Drive, 78XD, EV 116.9 MPH), Distance : 452 ft
|
|
Batting: RHB Joe Gabriel
|
0-0: Ball 1-0: Ball 2-0: Ball 3-0: Called Strike 3-1: Base on Balls
|
|
Batting: RHB Joe Petley
|
0-0: DOUBLE (Flyball, 8LD, EV 95.0 MPH) Joe Gabriel to third
|
|
Batting: LHB Donny Kleinjan
|
0-0: Ball 1-0: 3-RUN HOME RUN (Flyball, 9D, EV 98.1 MPH), Distance : 389 ft
|
|
Batting: RHB Gary Preston
|
0-0: Ball 1-0: Ball 2-0: Called Strike 2-1: Foul Ball, location: 2F 2-2: Ball 3-2: SINGLE (Groundball, 6MD, EV 96.2 MPH)
|
|
Batting: LHB Bryan Davidson
|
0-0: Ball 1-0: Called Strike 1-1: Ball 2-1: Foul Ball, location: 2F 2-2: Ball 3-2: Fly out, F8 (Flyball, 89D, EV 106.9 MPH)
|
|
Batting: RHB Dzevat Koljevic
|
0-0: Ball 1-0: Swinging Strike 1-1: Ball 2-1: Foul Ball, location: 2F 2-2: Strikes out looking
|
|
Batting: RHB Ted Hickey
|
0-0: Ball Wild Pitch! Gary Preston to second 1-0: Ball 2-0: Ball 3-0: Called Strike 3-1: Foul Ball, location: 2F 3-2: Ground out 4-3 (Groundball, 4M, EV 108.1 MPH)
|
| Bottom of the 1st over - 4 runs, 4 hits, 0 errors, 1 left on base; University of North Carolina at Chapel Hill 0 - Stanford University 4 |
| TOP OF THE 2ND |
|
University of North Carolina at Chapel Hill Tar Heels batting - Pitching for Stanford University Cardinal : RHP Jesus Hernandez
|
|
Batting: SHB Jonathan Barrie
|
0-0: Ball 1-0: Fly out, F7 (Flyball, 7, EV 88.8 MPH)
|
|
Batting: SHB Jim Saxon
|
0-0: Ball 1-0: Single, Error in OF, E9, batter to second base (Line Drive, 3D, EV 103.1 MPH)
|
|
Batting: RHB Tony Jennings
|
0-0: Called Strike 0-1: Reached on error, E3 (Groundball, 34, EV 85.6 MPH) Jim Saxon to third
|
|
Batting: RHB Brandon Wilson
|
0-0: Called Strike 0-1: Ball 1-1: Swinging Strike 1-2: Ground out 5-3 (Groundball, 56S, EV 68.1 MPH) Jim Saxon scores Tony Jennings to second
|
|
Batting: LHB Juan Alvarado
|
0-0: Ball 1-0: Ball 2-0: Ground out 4-3 (Groundball, 4, EV 100.6 MPH)
|
| Top of the 2nd over - 1 run, 1 hit, 2 errors, 1 left on base; University of North Carolina at Chapel Hill 1 - Stanford University 4 |
| BOTTOM OF THE 2ND |
|
Stanford University Cardinal batting - Pitching for University of North Carolina at Chapel Hill Tar Heels : LHP Francisco Guerra
|
|
Batting: LHB Mike Keating
|
0-0: Ball 1-0: Swinging Strike 1-1: Ball 2-1: Swinging Strike 2-2: Strikes out looking
|
|
Batting: RHB John Van der Linden
|
0-0: DOUBLE (Flyball, 89D, EV 99.4 MPH)
|
|
Batting: RHB Joe Gabriel
|
0-0: Swinging Strike 0-1: Ball Wild Pitch! John Van der Linden to third 1-1: Ball 2-1: Called Strike 2-2: Ball 3-2: Fly out, F8 (Flyball, 8RD, EV 97.5 MPH) Runner from 3rd tags up, OUT at HOME! 8-2
|
| Bottom of the 2nd over - 0 runs, 1 hit, 0 errors, 0 left on base; University of North Carolina at Chapel Hill 1 - Stanford University 4 |
| TOP OF THE 3RD |
|
University of North Carolina at Chapel Hill Tar Heels batting - Pitching for Stanford University Cardinal : RHP Jesus Hernandez
|
|
Batting: RHB Bill Atley
|
0-0: Ball 1-0: Called Strike 1-1: Ball 2-1: Ball 3-1: Base on Balls
|
|
Batting: SHB Ryan Marsh
|
0-0: Ball 1-0: Ball 2-0: Called Strike 2-1: Ball 3-1: Base on Balls Bill Atley to second
|
|
Batting: RHB Jeremy Rollins
|
0-0: Swinging Strike 0-1: Grounds into double play, 6-4-3 (Groundball, 56, EV 85.6 MPH) Bill Atley to third
|
|
Batting: RHB Michael Houseman
|
0-0: Called Strike 0-1: DOUBLE (Line Drive, 9LD, EV 100.6 MPH) Bill Atley scores
|
|
Batting: SHB Jonathan Barrie
|
0-0: Ball 1-0: Called Strike 1-1: Swinging Strike 1-2: Fly out, F8 (Flyball, 8RD, EV 90.0 MPH)
|
| Top of the 3rd over - 1 run, 1 hit, 0 errors, 1 left on base; University of North Carolina at Chapel Hill 2 - Stanford University 4 |
| BOTTOM OF THE 3RD |
|
Stanford University Cardinal batting - Pitching for University of North Carolina at Chapel Hill Tar Heels : LHP Francisco Guerra
|
|
Batting: RHB Joe Petley
|
0-0: Ball 1-0: Called Strike 1-1: Called Strike 1-2: Ground out 6-3 (Groundball, 6S, EV 81.2 MPH)
|
|
Batting: LHB Donny Kleinjan
|
0-0: SOLO HOME RUN (Flyball, 7D, EV 100.0 MPH), Distance : 391 ft
|
|
Batting: RHB Gary Preston
|
0-0: SINGLE (Flyball, 78S, EV 90.6 MPH)
|
|
Batting: LHB Bryan Davidson
|
0-0: SINGLE (Flyball, 89S, EV 90.0 MPH) Gary Preston to second
|
|
Pitching: RHP C.J. Dombrowski
|
|
|
Batting: RHB Dzevat Koljevic
|
0-0: Called Strike 0-1: Ball 1-1: Ground out 5-3 (Groundball, 56S, EV 71.2 MPH) Gary Preston to third Bryan Davidson to second
|
|
Batting: RHB Ted Hickey
|
0-0: Swinging Strike 0-1: Ball 1-1: Foul Ball, location: 2F 1-2: Ball 2-2: Ball 3-2: Ground out 5-3 (Groundball, 5, EV 86.9 MPH)
|
| Bottom of the 3rd over - 1 run, 3 hits, 0 errors, 2 left on base; University of North Carolina at Chapel Hill 2 - Stanford University 5 |
| TOP OF THE 4TH |
|
University of North Carolina at Chapel Hill Tar Heels batting - Pitching for Stanford University Cardinal : RHP Jesus Hernandez
|
|
Batting: SHB Jim Saxon
|
0-0: Ball 1-0: Ball 2-0: Called Strike 2-1: Fly out, F7 (Flyball, 78S, EV 97.5 MPH)
|
|
Batting: RHB Tony Jennings
|
0-0: Foul Ball, location: 2F 0-1: Ball 1-1: Ball 2-1: Foul Ball, location: 2F 2-2: Ball 3-2: Ground out 4-3 (Groundball, 6M, EV 85.0 MPH)
|
|
Batting: RHB Brandon Wilson
|
0-0: Ground out 1-3 (Groundball, 34S, EV 67.5 MPH)
|
| Top of the 4th over - 0 runs, 0 hits, 0 errors, 0 left on base; University of North Carolina at Chapel Hill 2 - Stanford University 5 |
| BOTTOM OF THE 4TH |
|
Stanford University Cardinal batting - Pitching for University of North Carolina at Chapel Hill Tar Heels : RHP C.J. Dombrowski
|
|
Batting: LHB Mike Keating
|
0-0: Called Strike 0-1: Foul Ball, location: 2F 0-2: Ball 1-2: Foul Ball, location: 2F 1-2: Fly out, F8 (Flyball, 8RD, EV 84.4 MPH)
|
|
Batting: RHB John Van der Linden
|
0-0: Swinging Strike 0-1: Called Strike 0-2: Ground out U3 (Groundball, 3S, EV 90.6 MPH)
|
|
Batting: RHB Joe Gabriel
|
0-0: Called Strike 0-1: Ball 1-1: Ball 2-1: Ground out 1-3 (Groundball, 34S, EV 73.8 MPH)
|
| Bottom of the 4th over - 0 runs, 0 hits, 0 errors, 0 left on base; University of North Carolina at Chapel Hill 2 - Stanford University 5 |
| TOP OF THE 5TH |
|
University of North Carolina at Chapel Hill Tar Heels batting - Pitching for Stanford University Cardinal : RHP Jesus Hernandez
|
|
Batting: LHB Juan Alvarado
|
0-0: Called Strike 0-1: Ball 1-1: Ground out 4-3 (Groundball, 4M, EV 101.2 MPH)
|
|
Batting: RHB Bill Atley
|
0-0: Ground out 3-1 (Groundball, 34, EV 86.9 MPH)
|
|
Batting: SHB Ryan Marsh
|
0-0: Swinging Strike 0-1: Called Strike 0-2: Ball 1-2: Reached on error, E5 (Groundball, 5, EV 90.6 MPH)
|
|
Batting: RHB Jeremy Rollins
|
0-0: Called Strike 0-1: Ball 1-1: Ground out 4-3 (Groundball, 4, EV 101.2 MPH)
|
| Top of the 5th over - 0 runs, 0 hits, 1 error, 1 left on base; University of North Carolina at Chapel Hill 2 - Stanford University 5 |
| BOTTOM OF THE 5TH |
|
Stanford University Cardinal batting - Pitching for University of North Carolina at Chapel Hill Tar Heels : RHP C.J. Dombrowski
|
|
Batting: RHB Joe Petley
|
0-0: Ground out 1-3 (Groundball, 13S, EV 64.4 MPH)
|
|
Batting: LHB Donny Kleinjan
|
0-0: Ball 1-0: Ball 2-0: Ball 3-0: Base on Balls
|
|
Batting: RHB Gary Preston
|
0-0: Called Strike 0-1: DOUBLE (Line Drive, 8RXD, EV 101.9 MPH) Donny Kleinjan to third
|
|
Batting: LHB Bryan Davidson
|
0-0: Foul Ball, location: 2F 0-1: Fly out, F9 (Flyball, 9LMF, EV 88.8 MPH) Runner from 3rd tags up, SCORES, throw by RF Gary Preston to third
|
|
Batting: RHB Dzevat Koljevic
|
0-0: Ground out 6-3 (Groundball, 6, EV 105.6 MPH)
|
| Bottom of the 5th over - 1 run, 1 hit, 0 errors, 1 left on base; University of North Carolina at Chapel Hill 2 - Stanford University 6 |
| TOP OF THE 6TH |
|
University of North Carolina at Chapel Hill Tar Heels batting - Pitching for Stanford University Cardinal : RHP Jesus Hernandez
|
|
Batting: RHB Michael Houseman
|
0-0: Ball 1-0: Fly out, F4 (Popup, 4, EV 75.6 MPH)
|
|
Batting: SHB Jonathan Barrie
|
0-0: Called Strike 0-1: SINGLE (Flyball, 8RS, EV 94.4 MPH)
|
|
Batting: SHB Jim Saxon
|
0-0: Ball 1-0: Foul Ball, location: 2F 1-1: Ball 2-1: Ball 3-1: Foul Ball, location: 2F 3-2: Foul Ball, location: 2F 3-2: Foul Ball, location: 2F 3-2: Strikes out swinging
|
|
Batting: RHB Tony Jennings
|
0-0: Called Strike 0-1: Ball 1-1: SINGLE (Groundball, 56D, EV 108.1 MPH) Jonathan Barrie to second
|
|
Pitching: RHP Andy Swan
|
|
|
Batting: RHB Brandon Wilson
|
0-0: Ball 1-0: Called Strike 1-1: SINGLE (Groundball, 6MD, EV 102.5 MPH) Jonathan Barrie to third Tony Jennings to second Runner from 3rd tries for Home, SAFE, throw by CF to home
|
|
Batting: LHB Juan Alvarado
|
0-0: Called Strike 0-1: Ball 1-1: Ball 2-1: Ball 3-1: Base on Balls Tony Jennings to third Brandon Wilson to second
|
|
Batting: RHB Bill Atley
|
0-0: Ground out 5-3 (Groundball, 56S, EV 86.2 MPH)
|
| Top of the 6th over - 1 run, 3 hits, 0 errors, 3 left on base; University of North Carolina at Chapel Hill 3 - Stanford University 6 |
| BOTTOM OF THE 6TH |
|
Stanford University Cardinal batting - Pitching for University of North Carolina at Chapel Hill Tar Heels : RHP C.J. Dombrowski
|
|
Batting: RHB Ted Hickey
|
0-0: Called Strike 0-1: Ground out 1-3 (Groundball, P, EV 70.6 MPH)
|
|
Batting: LHB Mike Keating
|
0-0: Ball 1-0: Ball 2-0: Ball 3-0: Called Strike 3-1: Base on Balls
|
|
Pitching: RHP Alex Aldaya
|
|
|
Batting: RHB John Van der Linden
|
0-0: Ball Wild Pitch! Mike Keating to second 1-0: Foul Ball, location: 2F 1-1: Ball 2-1: Ground out 6-3 (Groundball, 6, EV 85.0 MPH)
|
|
Batting: RHB Joe Gabriel
|
0-0: Ball 1-0: Called Strike 1-1: Ball 2-1: DOUBLE (Line Drive, 3D, EV 97.5 MPH) Mike Keating scores
|
|
Batting: RHB Joe Petley
|
0-0: Called Strike 0-1: Ground out 6-3 (Groundball, 6, EV 104.4 MPH)
|
| Bottom of the 6th over - 1 run, 1 hit, 0 errors, 1 left on base; University of North Carolina at Chapel Hill 3 - Stanford University 7 |
| TOP OF THE 7TH |
|
University of North Carolina at Chapel Hill Tar Heels batting - Pitching for Stanford University Cardinal : RHP Andy Swan
|
|
Pitching: LHP Larry Steen
|
|
|
Batting: SHB Ryan Marsh
|
0-0: Ball 1-0: Called Strike 1-1: Ground out 5-3 (Groundball, 56, EV 90.0 MPH)
|
|
Batting: RHB Jeremy Rollins
|
0-0: Swinging Strike 0-1: Foul Ball, location: 2F 0-2: Strikes out swinging
|
|
Batting: RHB Michael Houseman
|
0-0: Ground out 4-3 (Groundball, 34, EV 103.1 MPH)
|
| Top of the 7th over - 0 runs, 0 hits, 0 errors, 0 left on base; University of North Carolina at Chapel Hill 3 - Stanford University 7 |
| BOTTOM OF THE 7TH |
|
Stanford University Cardinal batting - Pitching for University of North Carolina at Chapel Hill Tar Heels : RHP Alex Aldaya
|
|
Batting: LHB Donny Kleinjan
|
0-0: Called Strike 0-1: Ball 1-1: Ball 2-1: Called Strike 2-2: Ball 3-2: Foul Ball, location: 2F 3-2: Foul Ball, location: 2F 3-2: Strikes out swinging
|
|
Batting: RHB Gary Preston
|
0-0: Ball 1-0: Foul Ball, location: 2F 1-1: Swinging Strike 1-2: Ball 2-2: Strikes out swinging
|
|
Batting: LHB Bryan Davidson
|
0-0: Fly out, F8 (Flyball, 8RD, EV 89.4 MPH)
|
| Bottom of the 7th over - 0 runs, 0 hits, 0 errors, 0 left on base; University of North Carolina at Chapel Hill 3 - Stanford University 7 |
| TOP OF THE 8TH |
|
University of North Carolina at Chapel Hill Tar Heels batting - Pitching for Stanford University Cardinal : LHP Larry Steen
|
|
Pitching: RHP Dante Verduzco
|
|
|
Batting: SHB Jonathan Barrie
|
0-0: Called Strike 0-1: Swinging Strike 0-2: Ball 1-2: Ball 2-2: Strikes out swinging
|
|
Batting: SHB Jim Saxon
|
0-0: Ball 1-0: Fly out, F8 (Line Drive, 8LM, EV 95.6 MPH)
|
|
Batting: RHB Tony Jennings
|
0-0: Foul Ball, location: 2F 0-1: Foul Ball, location: 2F 0-2: Ball 1-2: Ground out 5-3 (Groundball, 56, EV 97.5 MPH)
|
| Top of the 8th over - 0 runs, 0 hits, 0 errors, 0 left on base; University of North Carolina at Chapel Hill 3 - Stanford University 7 |
| BOTTOM OF THE 8TH |
|
Stanford University Cardinal batting - Pitching for University of North Carolina at Chapel Hill Tar Heels : RHP Alex Aldaya
|
|
Pitching: RHP Ted Hurley
|
|
|
Batting: RHB Dzevat Koljevic
|
0-0: Ground out 4-3 (Groundball, 4, EV 90.0 MPH)
|
|
Batting: RHB Ted Hickey
|
0-0: Ball 1-0: Ball 2-0: Foul Ball, location: 2F 2-1: Ball 3-1: Foul Ball, location: 2F 3-2: Strikes out swinging
|
|
Batting: LHB Mike Keating
|
0-0: Foul Ball, location: 2F 0-1: Foul Ball, location: 2F 0-2: Ball 1-2: Strikes out swinging
|
| Bottom of the 8th over - 0 runs, 0 hits, 0 errors, 0 left on base; University of North Carolina at Chapel Hill 3 - Stanford University 7 |
| TOP OF THE 9TH |
|
University of North Carolina at Chapel Hill Tar Heels batting - Pitching for Stanford University Cardinal : RHP Dante Verduzco
|
|
Batting: RHB Brandon Wilson
|
0-0: Ball 1-0: Called Strike 1-1: Ground out U3 (Groundball, 3L, EV 87.5 MPH)
|
|
Batting: LHB Juan Alvarado
|
0-0: Foul Ball, location: 2F 0-1: Foul Ball, location: 2F 0-2: Ball 1-2: Ball 2-2: Foul Ball, location: 2F 2-2: Strikes out swinging, 2-3 out at first.
|
|
Batting: RHB Bill Atley
|
0-0: Ball 1-0: Ball 2-0: Ball 3-0: Called Strike 3-1: Fly out, F8 (Flyball, 8RXD, EV 104.4 MPH)
|
| Top of the 9th over - 0 runs, 0 hits, 0 errors, 0 left on base; University of North Carolina at Chapel Hill 3 - Stanford University 7 |
|